 Dungeon Crawl Stone Soup version 0.21.1-1-g345015fe64 (webtiles) character file.

63 JOKERXD40 the Skirmisher (level 4, -5/40 HPs)
             Began as a Hill Orc Fighter on July 9, 2018.
             Slain by a gnoll
             ... wielding a +0 halberd
              (8 damage)
             ... on level 2 of the Dungeon.
             The game lasted 00:02:47 (1544 turns).

JOKERXD40 the Skirmisher (Hill Orc Fighter)         Turns: 1544, Time: 00:02:48

Health: -5/40      AC: 11    Str: 19    XL:     4   Next: 9%
Magic:  4/4        EV:  3    Int:  8    God:
Gold:   76         SH:  9    Dex: 10    Spells: 3/3 levels left

rFire    . . .     SeeInvis .   a - +0 war axe
rCold    . . .     Gourm    .   c - +0 shield
rNeg     . . .     Faith    .   j - +0 plate armour
rPois    .         Spirit   .   (no helmet)
rElec    .         Reflect  .   (no cloak)
rCorr    .         Harm     .   (no gloves)
MR       .....                  (no boots)
Stlth    ..........             (no amulet)
HPRegen  0.13/turn              (no ring)
MPRegen  0.09/turn              (no ring)

@: no status effects
A: no striking features
a: no special abilities


You were on level 2 of the Dungeon.
You were very hungry.

You visited 1 branch of the dungeon, and saw 2 of its levels.

You collected 76 gold pieces.

Inventory:

Hand Weapons
 a - a +0 war axe (weapon)
Missiles
 k - 71 stones (quivered)
Armour
 c - a +0 shield (worn)
 j - a +0 plate armour (worn)
Scrolls
 e - a scroll of identify
 g - a scroll of magic mapping
 l - a scroll of immolation {unknown}
Potions
 b - a potion of resistance {unknown}
 d - a potion of might
 h - a potion of magic {unknown}
 i - a potion of degeneration {unknown}
Comestibles
 f - 7 rations


   Skills:
 + Level 4.2 Fighting
 + Level 3.7 Axes
 + Level 3.5 Armour
 + Level 0.9 Dodging
 + Level 3.8 Shields


You had 3 spell levels left.
You didn't know any spells.

Dungeon Overview and Level Annotations

Branches:
Dungeon (2/15)

Altars:
Cheibriados


Message History

You block the ball python's attack. The ball python constricts you.
The gnoll hits you but does no damage. You block the ball python's attack.
The ball python constricts you.
You escape the ball python's grasp.
The gnoll hits you with a flail of protection.
* * * LOW HITPOINT WARNING * * *
Found a bubbling yellow potion.
You see here a club.
Unknown command.
Your plate armour prevents you from hitting the gnoll.
The gnoll is heavily wounded.
You hit the ball python.
You kill the ball python!
The gnoll hits you from afar with a halberd!
* * * LOW HITPOINT WARNING * * *
The gnoll hits you but does no damage.
Your shield and plate armour prevent you from hitting the gnoll.
The gnoll is heavily wounded.
The gnoll hits you from afar with a halberd!
You die...

#<......###.#
##...##....# ..#
#...##....# ...#
#...##....####.....#
#.####............# .
#.# ###...#####.###.#
###.######.............#
...............)g....###
................@.......
....######.#....).....##
....... #........g....#
.......# #._.........#.#
.......# #..............
###.#### #.#.........##!
#.# #.##........#
###.######.###########
....#......#


You could see 2 gnolls.

Vanquished Creatures
  2 gnolls (D:2)
  A worm (D:2)
  3 leopard geckos (D:1)
  2 giant cockroaches (D:1)
  5 goblins (D:1)
  6 hobgoblins
  A quokka (D:2)
  A ball python (D:2)
  5 bats
  A frilled lizard (D:1)
  4 kobolds (D:1)
  7 rats
38 creatures vanquished.

Notes
Turn   | Place    | Note
-------+----------+-------------------------------------------
     0 | D:1      | JOKERXD40 the Hill Orc Fighter began the quest for the Orb.
     0 | D:1      | Reached XP level 1. HP: 19/19 MP: 1/1
    56 | D:1      | HP: 1/20 [rat (1)]
   377 | D:1      | Reached XP level 2. HP: 13/27 MP: 2/2
   615 | D:1      | Reached skill level 4 in Fighting
   854 | D:1      | Reached XP level 3. HP: 33/33 MP: 3/3
  1529 | D:2      | Found a snail-covered altar of Cheibriados.
  1540 | D:2      | Reached XP level 4. HP: 15/40 MP: 4/4
  1544 | D:2      | Slain by a gnoll

Skill      XL: |  1  2  3 |
---------------+----------+-----
Fighting       | 4 |  4.2
Axes           | 3 |  3.7
Armour         | |  3.5
Dodging        | |  0.9
Shields        | |  3.8

Action                   |  1- 3 |  4- 6 || total
-------------------------+-------+-------++-------
Melee: War axe           |   121 |     3 ||   124
  Use: Scroll            |     1 |       ||     1
  Eat: Chunk             |     1 |       ||     1
Armor: Scale mail        |    22 |       ||    22
       Plate armour      |    39 |     4 ||    43
Dodge: Dodged            |    24 |       ||    24
Block: Shield            |    73 |     4 ||    77
